 Dungeon Crawl Stone Soup version 0.29-a0-529-gfa20dd96a1 (console) character file.

Game seed: 8908950475864433824

53 om the Magician (level 4, -4/31 HPs)
             Began as a Djinni Hedge Wizard on June 1, 2022.
             Slain by a necrophage (5 damage)
             ... on level 1 of the Dungeon.
             The game lasted 00:04:23 (1806 turns).

om the Magician (Djinni Hedge Wizard)               Turns: 1806, Time: 00:04:23

Health: -4/31      AC:  5    Str: 11    XL:     4   Next: 10%
Gold:   15         EV: 10    Int: 16    God:
                   SH:  0    Dex: 12

rFire   + + .      SeeInvis .   f - +0 dagger
rCold   x . .      Faith    .   (no shield)
rNeg    . . .      Spirit   .   h - +0 ring mail
rPois   ∞          Reflect  .   c - +0 hat
rElec   .          Harm     .   (no cloak)
rCorr   .          Rampage  .   (no gloves)
Will    .....                   (boots unavailable)
Stlth   +.........              (no amulet)
HPRegen 0.10/turn               g - ring of wizardry
MPRegen 0.00/turn               (no ring)

@: flying
A: sickness immunity, fire resistance 2, cold vulnerability 1, float, innate
caster, HP casting, extra vitality 1
a: no special abilities


You were on level 1 of the Dungeon.
You visited 1 branch of the dungeon, and saw 2 of its levels.

You collected 15 gold pieces.

Inventory:

Hand Weapons
 a - a +0 dagger
 f - a +0 dagger (weapon)
Armour
 b - a +0 robe
 c - a +0 hat (worn)
 h - a +0 ring mail (worn)
Jewellery
 g - a ring of wizardry (left hand)
 j - a ring of fire
Scrolls
 d - a scroll of vulnerability {unknown}
 e - a scroll of noise {unknown}
 k - a scroll of teleportation {unknown}
 l - a scroll of identify {unknown}


   Skills:
 + Level 0.2 Fighting
 + Level 0.9 Armour
 + Level 2.5 Dodging
 + Level 1.6 Stealth
 * Level 3.3 Spellcasting


You couldn't memorise any spells.
You knew the following spells:

 Your Spells              Type           Power      Damage    Failure   Level
a - Magic Dart            Conj           52%        1d5       4%          1
b - Blink                 Tloc           26%        N/A       7%          2
c - Call Imp              Summ           13%        N/A       7%          2
d - Slow                  Hex            52%        N/A       4%          1
e - Conjure Flame         Conj/Fire      13%        6-21      13%         3
f - Mephitic Cloud        Conj/Pois/Air  13%        N/A       13%         3
g - Freeze                Ice            52%        1d7       4%          1
Your spell library was empty.

Dungeon Overview and Level Annotations

Branches:
Dungeon (2/15)

Altars:


Innate Abilities, Weirdness & Mutations

You are immune to sickness and miasma.
You are immune to poison.
Your flesh is very heat resistant. (rF++)
You are vulnerable to cold. (rC-)
You float through the air rather than walking.
You learn spells naturally, not from books.
Your magical power is your life essence.
You have superior vitality. (+4 MHP)


Message History

Confirm with . or Enter, or press ? or * to list all spells.
You blink.
* * * LOW HITPOINT WARNING * * *
Your white imp closely misses the necrophage.
Casting: Blink (safe; 7% risk of failure)
Confirm with . or Enter, or press ? or * to list all spells.
You are still too unstable to blink.
Casting: Blink (safe; 7% risk of failure)
Confirm with . or Enter, or press ? or * to list all spells.
You are still too unstable to blink.
The necrophage attacks as you move away!
The necrophage barely misses you.
You feel stable enough to blink again.
Aiming: Magic Dart (safe; 4% risk of failure)
Press: ? - help, Q - select action, (/) - cycle Shift-Dir - straight line, f/p - necrophage
Aim: a necrophage (lightly damaged, ally target, 100% to hit)
Okay, then.
Casting: Magic Dart (safe; 4% risk of failure)
Confirm with . or Enter, or press ? or * to list all spells.
You blink.
* * * LOW HITPOINT WARNING * * *
Your white imp hits the necrophage.
Your white imp freezes the necrophage.
The necrophage resists.
Your white imp gestures at the necrophage.
The puff of frost misses the necrophage.
Aiming: Magic Dart (safe; 4% risk of failure)
Press: ? - help, Q - select action, (/) - cycle Shift-Dir - straight line, f/p - necrophage
Aim: a necrophage (moderately damaged, ally target, 100% to hit)
The magic dart hits the necrophage.
The necrophage is moderately damaged.
* * * LOW HITPOINT WARNING * * *
The necrophage closely misses you.
Your white imp gestures at the necrophage.
The puff of frost hits the necrophage.
The necrophage resists.
You aren't carrying any potions.
You barely miss the necrophage.
The necrophage is heavily damaged.
You feel stable enough to blink again. The necrophage hits you.
You die...

#.....######....###.....#
##....##### ##......[....#
#.........# ##...........
####.........####............
#............#...............
#.##.........#.#.............
#..............#.#..........#
##...#####..5........##..#..##
##...#....[#...##..#####.###.##
#...#.#####.#.n...## #.# #...
#.P#.#P...P#.#@.### ##.# ###.
#.#.#.#####.#.#.# ####..#####.
#.#.#.#P_.#.#.#.# #.......#...
#....^^..^^^^...# ##.......)...
#......)........###........###.
####.##..###.#####.........# ##
#.......>...#...#.......#
####..........###.......#
#......(.### #.......#
########## #.......# #########


You could see a necrophage (ally target) and a friendly white imp (summoned).

Vanquished Creatures
  An adder (D:1)
  A dart slug (D:2)
  3 endoplasms (D:1)
  A giant cockroach (D:1)
  A goblin (D:1)
  4 hobgoblins
  2 quokkas (D:1)
  A bat (D:1)
  2 frilled lizards (D:1)
  A kobold (D:1)
17 creatures vanquished.

Vanquished Creatures (collateral kills)
  A gnoll (D:1)
  A worm (D:2)
  An endoplasm (D:1)
  A goblin (D:1)
  3 hobgoblins
  2 frilled lizards (D:1)
  A rat (D:1)
10 creatures vanquished.

Grand Total: 27 creatures vanquished

Notes
Turn   | Place    | Note
-------+----------+-------------------------------------------
     0 | D:1      | om the Djinni Hedge Wizard began the quest for the Orb.
     0 | D:1      | Reached XP level 1. HP: 15/15 MP: 0/0
   428 | D:1      | Reached XP level 2. HP: 10/21 MP: 0/0
   714 | D:1      | Reached skill level 3 in Spellcasting
   719 | D:1      | Reached XP level 3. HP: 15/25 MP: 0/0
   719 | D:1      | Learned a level 1 spell: Freeze
   956 | D:1      | Found a faded altar of an unknown god.
  1375 | D:1      | Reached XP level 4. HP: 8/31 MP: 0/0
  1735 | D:2      | Noticed a necrophage
  1806 | D:1      | Slain by a necrophage

Illustrated notes

Levels and vault maps discovered:
D:1:      lemuel_arrival_lava_pool, layout_rooms,
          shapermc_ecumenical_altar_rom_forum, minivault_19, minmay_tromino_v4_a
D:2:      layout_basic, uniq_crazy_yiuf_cottage

Skill      XL: |  1  2 |
---------------+-------+-----
Spellcasting   | 3 |  3.3
Fighting       | |  0.2
Armour         | |  0.9
Dodging        | |  2.5
Stealth        | |  1.6

Action                   |  1- 3 |  4- 6 || total
-------------------------+-------+-------++-------
Melee: Dagger            |    19 |     7 ||    26
 Cast: Magic Dart        |    41 |     9 ||    50
       Call Imp          |     6 |     5 ||    11
       Blink             |     2 |     6 ||     8
       Slow              |       |     1 ||     1
  Use: Potion            |     2 |       ||     2
 Stab: Sleeping          |     1 |       ||     1
Armor: Robe              |     2 |       ||     2
       Ring mail         |    14 |     7 ||    21
Dodge: Dodged            |    18 |    14 ||    32

Table legend: (Time is in decaauts)
 A = Elapsed time spent in this place.
 B = Non-inter-level travel time spent in this place.
 C = Inter-level travel time spent in this place.
 D = Time resting spent in this place.
 E = Time spent auto-exploring this place.
 F = Levels seen in this place.
 G = Mean time per level.
                   A        B        C        D        E       F      G
               +--------+--------+--------+--------+--------+-----+--------+
         Total |   1807 |   1795 |     12 |    775 |    728 |   2 |  903.5 |
       Dungeon |   1807 |   1795 |     12 |    775 |    728 |   2 |  903.5 |
               +--------+--------+--------+--------+--------+-----+--------+

Top non-repeatable levels by time:
     D:1: 1491 daAuts
     D:2: 315 daAuts
